 Dungeon Crawl Stone Soup version 0.28.0-53-g5a82cb258f (webtiles) character file.

Game seed: 11023575119150033234

91 mrburnz the Cudgeller (level 4, 0/41 HPs)
             Began as a Minotaur Berserker on May 22, 2022.
             Was a Believer of Trog.
             Slain by a gnoll
             ... wielding a +0 flail
              (8 damage)
             ... on level 3 of the Dungeon.
             The game lasted 00:06:42 (2450 turns).

mrburnz the Cudgeller (Minotaur Berserker)          Turns: 2450, Time: 00:06:42

Health: 0/41       AC:  2    Str: 29    XL:     4   Next: 33%
Magic:  3/3        EV: 12    Int:  4    God:    Trog [**....]
Gold:   87         SH:  0    Dex: 10    Spells: 3/3 levels left

rFire   . . .      SeeInvis .   j - +0 flail
rCold   . . .      Faith    .   (no shield)
rNeg    . . .      Spirit   .   b - +0 animal skin
rPois   .          Reflect  .   (helmet restricted)
rElec   .          Harm     .   (no cloak)
rCorr   .          Rampage  .   (no gloves)
Will    .....                   (no boots)
Stlth   +.........              (no amulet)
HPRegen 0.13/turn               h - +6 ring of strength
MPRegen 0.08/turn               (no ring)

@: no status effects
A: horns 2, retaliatory headbutt
a: Renounce Religion, Berserk, Trog's Hand


You were on level 3 of the Dungeon.
You worshipped Trog.
Trog was pleased with you.
You visited 1 branch of the dungeon, and saw 3 of its levels.

You collected 87 gold pieces.

Inventory:

Hand Weapons
 a - a +0 mace
 j - a +0 flail (weapon)
Armour
 b - a +0 animal skin (worn)
Jewellery
 h - a +6 ring of strength (left hand)
Scrolls
 c - a scroll of identify {unknown}
 g - 2 scrolls of teleportation {unknown}
 k - a scroll of enchant weapon {unknown}
Potions
 d - a potion of degeneration {unknown}
 e - a potion of curing {unknown}
 f - 2 potions of mutation {unknown}
 i - a potion of might {unknown}


   Skills:
 + Level 4.7 Fighting
 + Level 5.2 Maces & Flails
 + Level 2.7 Armour
 - Level 2.3 Dodging


You had 3 spell levels left.
You didn't know any spells.
Your spell library was empty.

Dungeon Overview and Level Annotations

Branches:
Dungeon (3/15)

Altars:
Qazlal

Annotations:
D:3 2 transporters, Shubert's ghost, amateur MfGl


Innate Abilities, Weirdness & Mutations

You have a pair of horns on your head.
You reflexively headbutt those who attack you in melee.


Message History

You are no longer poisoned.
You start resting.
HP restored.
You start waiting.
Done waiting.
A kobold comes into view. It is wielding a +0 short sword.
A gnoll comes into view. It is wielding a +0 flail.
A gnoll comes into view. It is wielding a +0 whip.
The gnoll shouts!
You hit the kobold but do no damage.
The kobold hits you with a +0 short sword.
A gnoll comes into view. It is wielding a +0 spear.
The kobold hits you with a +0 short sword.
You barely miss the kobold.
A gnoll comes into view. It is wielding a +0 club.
The kobold hits you with a +0 short sword.
The gnoll shouts!
The kobold closely misses you. The kobold barely misses you.
The kobold hits you with a +0 short sword.
The kobold closely misses you.
You hit the kobold. You headbutt the kobold.
You kill the kobold!
Trog accepts your kill.
You barely miss the gnoll. The gnoll closely misses you.
You furiously retaliate!
You headbutt the gnoll!
You kill the gnoll!
Trog accepts your kill.
You can now call upon Trog for regeneration and willpower.
The gnoll hits you with a +0 spear!
You barely miss the gnoll. You headbutt the gnoll.
The gnoll is lightly wounded.
The gnoll hits you with a +0 spear.
* * * LOW HITPOINT WARNING * * *
The gnoll barely misses you. The gnoll hits you with a +0 spear.
* * * LOW HITPOINT WARNING * * *
You hit the gnoll but do no damage.
The gnoll is lightly wounded.
The gnoll hits you with a +0 flail!
You die...

## .. .# .# ##.#...g....
#..#........ #.##.^g.....
##@##........
#gg##........
#######g###g.......
..>.#.....#.....<..
.........gg........
..........g........
....................#$...
...................©#!...
....................#$...


You could see 3 gnolls.

Vanquished Creatures
  4 adders
  A gnoll (D:3)
  A worm (D:2)
  2 dart slugs
  An orc (D:3)
  3 ball pythons (D:1)
  3 bats
  3 endoplasms
  3 giant cockroaches
  2 goblins (D:1)
  4 hobgoblins (D:1)
  2 kobolds
  A quokka (D:1)
  3 frilled lizards
  3 rats
36 creatures vanquished.

Vanquished Creatures (others)
  A plant (D:2)
1 creature vanquished.

Grand Total: 37 creatures vanquished

Notes
Turn   | Place    | Note
-------+----------+-------------------------------------------
     0 | D:1      | mrburnz the Minotaur Berserker began the quest for the Orb.
     0 | D:1      | Reached XP level 1. HP: 19/19 MP: 0/0
    47 | D:1      | Reached skill level 4 in Maces & Flails
    47 | D:1      | Reached XP level 2. HP: 9/27 MP: 1/1
  1151 | D:2      | Reached XP level 3. HP: 33/33 MP: 2/2
  1328 | D:2      | Found a faded altar of an unknown god.
  1473 | D:2      | Identified the +3 leather armour "Ishrazup" {rElec rPois
                  | rF++ Stlth-}
  2075 | D:3      | Found a stormy altar of Qazlal.
  2080 | D:3      | Reached skill level 5 in Maces & Flails
  2156 | D:3      | Found a transporter.
  2158 | D:3      | Noticed Shubert's ghost (amateur MfGl)
  2166 | D:3      | Found a transporter.
  2167 | D:3      | Noticed a necrophage
  2182 | D:3      | Reached XP level 4. HP: 41/41 MP: 3/3
  2445 | D:3      | Reached ** piety under Trog
  2450 | D:3      | Slain by a gnoll

Illustrated notes

Levels and vault maps discovered:
D:1:      dpeg_arrival_rooms_a, layout_loops_ring
D:2:      layout_loops_cross, shapermc_ecumenical_altar_ellora
D:3:      layout_rooms, gammafunk_temple_overflow_pools, marbit_many_paths,
          bloody_makhleb, gammafunk_ghost_mausoleum, serial_bayou_pond_e

Skill      XL: |  1  2  3 |
---------------+----------+-----
Maces & Flails | 4 5 |  5.2
Fighting       | 4 |  4.7
Armour         | |  2.7
Dodging        | |  2.3

Action                   |  1- 3 |  4- 6 || total
-------------------------+-------+-------++-------
Melee: Mace              |    59 |       ||    59
       Headbutt          |     6 |     2 ||     8
       Flail             |     1 |    10 ||    11
       Punch             |     1 |       ||     1
Invok: Berserk           |     1 |       ||     1
 Stab: Sleeping          |     1 |       ||     1
Armor: Animal skin       |    11 |     1 ||    12
Dodge: Dodged            |    44 |     8 ||    52
